 Dungeon Crawl Stone Soup version bcrawl-1.20.1 (webtiles) character file.

Game seed: 17992692195963021507

65 Freyura the Skirmisher (level 3, -1/29 HPs)
             Began as a Demonspawn Abyssal Knight on Jan 26, 2020.
             Was a Believer of Lugonu.
             Slain by a gnoll
             ... wielding a +0 spear
              (4 damage)
             ... on level 2 of the Dungeon.
             The game lasted 00:03:17 (1109 turns).

Freyura the Skirmisher (Demonspawn Abyssal Knight)  Turns: 1109, Time: 00:03:17

Health: -1/29      AC: 10    Str: 15    XL:     3   Next: 92%
Magic:  14/14      EV: 10    Int: 13    God:    Lugonu [**....]
Gold:   119        SH:  0    Dex: 13    Spells: 2/2 levels left

rFire    . . .     SeeInvis .   a - +2 mace
rCold    . . .     Gourm    .   (no shield)
rNeg     . . .     Faith    .   g - +1 ring mail
rPois    .         Spirit   .   r - +0 helmet
rElec    .         Reflect  .   (no cloak)
rCorr    .         Harm     .   (no gloves)
MR       .....                  f - +2 pair of boots
Stlth    +.........             (no amulet)
HPRegen  0.09/turn              l - ring of magical power
MPRegen  0.14/turn              m - +3 ring of strength

@: no status effects
A: foul stench 1, rot immunity
a: Depart the Abyss, Bend Space, Banish, Renounce Religion


You were on level 2 of the Dungeon.
You worshipped Lugonu.
Lugonu was pleased with you.
You were not hungry.

You visited 1 branch of the dungeon, and saw 2 of its levels.
You visited the Abyss 1 time.

You collected 119 gold pieces.

Inventory:

Hand Weapons
 a - a +2 mace (weapon)
Missiles
 c - 10 tomahawks of dispersal (quivered)
 d - 583 stones
 q - 65 tomahawks
Armour
 b - a +0 leather armour
 f - a +2 pair of boots (worn)
 g - a +1 ring mail (worn)
 r - a +0 helmet (worn)
Jewellery
 l - a ring of magical power (left hand)
 m - a +3 ring of strength (right hand)
Scrolls
 j - a scroll of fog
 p - 2 scrolls of identify
 s - a scroll of remove curse {unknown}
Potions
 h - a potion of might {unknown}
 i - 2 potions of curing {unknown}
 n - 2 potions of ambrosia
 o - 2 potions of heal wounds {unknown}
Comestibles
 e - 4 rations {!d}
 k - 3 chunks of flesh


   Skills:
 + Level 3.6 Fighting
 * Level 3.1 Maces & Flails
 - Level 0.8 Throwing
 + Level 1.9 Armour
 + Level 1.1 Dodging
 + Level 2.9 Invocations


You had 2 spell levels left.
You didn't know any spells.
Your spell library was empty.

Dungeon Overview and Level Annotations

Branches:
Dungeon (2/12)

Altars:


Innate Abilities, Weirdness & Mutations

You may emit foul miasma when damaged in melee.
You are immune to rotting.


Message History

The bat barely misses you.
You hit the gnoll.
The gnoll is moderately wounded.
The bat hits you. The gnoll barely misses you.
The gnoll hits you but does no damage.
You hit the gnoll.
The gnoll is heavily wounded.
The bat barely misses you. The gnoll hits you but does no damage.
The gnoll looks sick.
The gnoll hits you from afar with a +0 spear.
The gnoll hits you with a +0 club.
* * * LOW HITPOINT WARNING * * *
You sock the gnoll!
You kill the gnoll!
Lugonu accepts your kill.
Your Maces & Flails skill increases to level 3!
The gnoll hits you from afar with a +0 spear.
* * * LOW HITPOINT WARNING * * *
The gnoll hits you from afar with a +0 spear.
You die...

# #...# #...###.#.#### # #...#
#......>#.####
########...#########............#
#........w........#..^..........#
..................#.####........#
#..........g[..w..#.####††#.....#
########...#####g##.##....#.....#
.# #...# #)##.##.#..####### .#
#...# #@##.##.#..# .# #.>.#
#..........####### .# #...#
#######.####...... .#######...#
#).†....#### .##........###
#.####..#### ###.#####....#
#...........
###.#####.###.########.####..####
.##.##....# #..........####..####
..#.##.#..###.###.#.#............


You could see a worm and a gnoll.

Vanquished Creatures
  2 gnolls (D:2)
  An ooze (D:2)
  A worm (D:2)
  A dart slug (D:2)
  4 leopard geckos
  A giant cockroach (D:1)
  3 hobgoblins
  6 jackals (D:2)
  3 kobolds (D:1)
  3 bats
  A frilled lizard (D:1)
  3 goblins (D:1)
  3 rats (D:1)
32 creatures vanquished.

Notes
Turn   | Place    | Note
-------+----------+-------------------------------------------
     0 | Abyss:1  | Freyura the Demonspawn Abyssal Knight began the quest for
                  | the Orb.
     0 | Abyss:1  | Reached XP level 1. HP: 18/18 MP: 2/2
     8 | D:1      | Escaped the Abyss
   223 | D:1      | Gained mutation: You are immune to rotting. [demonic
                  | ancestry]
   223 | D:1      | Reached XP level 2. HP: 22/24 MP: 4/4
   385 | D:1      | Reached ** piety under Lugonu
   445 | D:1      | Reached skill level 1 in Dodging
   847 | D:2      | Gained mutation: You may emit foul miasma when damaged in
                  | melee. [demonic ancestry]
   847 | D:2      | Reached XP level 3. HP: 26/29 MP: 5/5
  1109 | D:2      | Slain by a gnoll

Skill      XL: |  1  2  3 |
---------------+----------+-----
Maces & Flails | 2 3 |  3.1
Dodging        | 1 |  1.1
Fighting       | |  3.6
Throwing       | |  0.8
Armour         | |  1.9
Invocations    | |  2.9

Action                   || total
-------------------------++-------
Melee: Mace              ||    88
  Use: Scroll            ||     6
  Eat: Chunk             ||     1
Armor: Ring mail         ||    64
Dodge: Dodged            ||    62
